AoeStats
← theclaydude

Black Forest

510655500Analyzed
2v2 RM · 6h ago on Oct 2, 2026· 54m 35s· 4 players
Game mode
Random Map
Map size
Medium (4 player)
Population
200
Speed
Normal
Resources
Standard
Victory
Conquest
Starting age
Dark Age
Ending age
Imperial Age
RankedLock teamsTeams togetherTeam positionsShared explorationLock speedFull tech treeHidden civsTurbo modeCheats
Victory
Defeat
🇦🇷 Bohemians · Argentina
1085
+15
🇦🇺 Vikings · Australia
1070
+16
🇺🇸 Gurjaras · United States
1109
-18
🇺🇸 Varangians · United States
1017
-13
dr.kevinbubbles.ph.d
0:25 Loom
12:37 Feudal Age
16:27 Castle Age
19:03 Double-Bit Axe
21:14 Horse Collar
31:06 Bow Saw
31:46 Forging
33:28 Scale Mail Armor
34:07 Iron Casting
33:38 Scale Barding Armor
34:54 Heavy Plow
38:19 Imperial Age
36:53 Chain Barding Armor
38:03 Wheelbarrow
38:28 Elite Jarl
41:36 Blast Furnace
41:12 Plate Barding Armor
41:02 Bloodlines
40:53 Husbandry
41:56 Hand Cart
47:46 Light Cavalry
48:51 Hussar
49:35 Onager
theclaydude
1:06 Loom
13:11 Feudal Age
17:00 Castle Age
16:00 Double-Bit Axe
16:42 Fletching
18:44 Horse Collar
20:08 Bodkin Arrow
20:13 Town Watch
21:56 Bow Saw
25:52 Wheelbarrow
27:49 Gold Mining
31:04 Imperial Age
30:26 Bloodlines
30:16 Husbandry
31:10 Thumb Ring
31:47 Hand Cart
33:19 Gold Shaft Mining
32:48 Stone Mining
33:28 Heavy Plow
33:28 Bodkin Arrow
33:39 Scale Barding Armor
34:07 Elite Elephant Archer
36:00 Bracer
36:02 Padded Archer Armor
37:01 Light Cavalry
38:32 Chain Barding Armor
38:02 Hussar
40:02 Caravan
40:36 Ballistics
44:25 Plate Barding Armor
44:54 Chemistry
49:45 Forging
Angusjack
0:49 Loom
12:59 Feudal Age
13:39 Double-Bit Axe
19:17 Castle Age
17:02 Horse Collar
18:16 Gold Mining
18:33 Stone Mining
19:00 Town Watch
23:06 Bow Saw
23:12 Heavy Plow
28:55 Pikeman
29:35 Squires
30:51 Elite Skirmisher
32:56 Fletching
35:01 Masonry
35:02 Fortified Wall
35:18 Bodkin Arrow
35:52 Chieftains
38:39 Imperial Age
36:11 Scale Mail Armor
37:18 Padded Archer Armor
37:29 Forging
37:50 Ballistics
38:41 Chain Mail Armor
39:28 Gold Shaft Mining
38:58 Elite Varangian Guard
39:55 Bracer
41:01 Chemistry
40:29 Arson
41:16 Plate Mail Armor
40:55 Capped Ram
42:54 Iron Casting
42:45 Leather Archer Armor
42:56 Conscription
42:04 Siege Ram
44:59 Blast Furnace
45:59 Ring Archer Armor
45:55 Bogsveigar
54:31 Caravan
guilleaacevedo
0:27 Loom
13:02 Feudal Age
14:32 Wheelbarrow
13:47 Double-Bit Axe
13:44 Horse Collar
22:41 Castle Age
23:38 Hand Cart
23:35 Bow Saw
23:28 Caravan
24:12 Heavy Plow
25:35 Town Watch
28:10 Forging
28:00 Scale Mail Armor
28:20 Squires
29:05 Pikeman
34:19 Fletching
34:29 Padded Archer Armor
36:39 Bodkin Arrow
36:59 Leather Archer Armor
40:31 Imperial Age
38:09 Wagenburg Tactics
38:59 Fortified Wall
39:50 Chemistry
40:40 Iron Casting
40:20 Chain Mail Armor
40:59 Halberdier
42:06 Ballistics
41:54 Siege Engineers
43:30 Two-Man Saw
44:08 Blast Furnace
43:38 Plate Mail Armor
48:16 Bracer
48:46 Ring Archer Armor
47:56 Elite Hussite Wagon
48:43 Husbandry
48:04 Light Cavalry
49:08 Houfnice
Connection lost

Rejoining the realm…

Still unreachable

The connection could not be restored.

Session expired

The server has moved on; the page needs a fresh start.